 Dungeon Crawl Stone Soup version 0.30.0-29-ga12c61a403 (webtiles) character file.

Game seed: 11851758208261620729

3436 FishyPogo the Martial Artist (level 10, -19/76 HPs)
             Began as a Gnoll Transmuter on June 13, 2023.
             Demolished by a death yak (24 damage)
             ... on level 7 of the Dungeon.
             The game lasted 00:24:29 (6670 turns).

FishyPogo the Martial Artist (Gnoll Transmuter)     Turns: 6670, Time: 00:24:30

Health: -19/76     AC:  7    Str: 18    XL:     10   Next: 5%
Magic:  20/20      EV: 20    Int: 16    God:
Gold:   178        SH:  5    Dex: 15    Spells: 9/23 levels left

rFire   . . .        L - +2 short sword (speed)
rCold   . . .        H - +0 buckler of the Untouchables {Str+2 Dex+2}
rNeg    . . .        a - +0 robe
rPois   .            (helmet currently unavailable)
rElec   .            I - +1 cloak
rCorr   .            j - +2 pair of gloves
SInv    .            (boots currently unavailable)
Will    .....        (no amulet)
Stlth   +++          B - +6 ring of strength
HPRegen 0.32/turn    z - +5 ring of evasion
MPRegen 0.17/turn

%: no passive effects
@: appendages (expiring), wereblooded
A: horns 2, talons 2, fangs 1, strong nose, distributed training
a: End Transformation


You were on level 7 of the Dungeon.
You had temporarily grown beastly horns and talons.
You visited 2 branches of the dungeon, and saw 9 of its levels.

You collected 339 gold pieces.
You spent 161 gold pieces at shops.

Inventory:

Hand Weapons
 C - a +0 antimagic spear
 E - a +2 vampiric whip
 J - a +4 quarterstaff of chaos
 L - a +2 short sword of speed (weapon)
 P - a +2 scimitar of holy wrath
 R - a +2 short sword of flaming
Missiles
 c - 25 poisoned darts (quivered)
 f - 61 stones
 M - a curare-tipped dart
 N - 2 atropa-tipped darts
Armour
 a - a +0 robe (worn)
 j - a +2 pair of gloves (worn)
 H - the +0 buckler of the Untouchables (worn) {Str+2 Dex+2}
   (You bought it in a shop on level 4 of the Dungeon)

   Str:       It affects your strength (+2).
   Dex:       It affects your dexterity (+2).
 I - a +1 cloak (worn)
Jewellery
 t - a ring of magical power
 z - a +5 ring of evasion (right hand)
 B - a +6 ring of strength (left hand)
 G - a +6 ring of intelligence
Wands
 s - a wand of flame (13)
 x - a wand of digging (7)
 y - a wand of light (7)
Scrolls
 e - a scroll of amnesia {unknown}
 g - 9 scrolls of identify {unknown}
 i - 4 scrolls of teleportation {unknown}
 k - 2 scrolls of poison {unknown}
 l - a scroll of enchant armour {unknown}
 n - a scroll of magic mapping
 p - 2 scrolls of vulnerability {unknown}
 q - a scroll of brand weapon {unknown}
 r - a scroll of fear {unknown}
 w - a scroll of summoning
 A - 4 scrolls of noise {unknown}
 Q - a scroll of torment {unknown}
Potions
 b - a potion of lignification
 d - a potion of brilliance {unknown}
 h - a potion of might {unknown}
 m - 2 potions of cancellation
 o - 3 potions of curing {unknown}
 u - a potion of invisibility {unknown}
 v - 2 potions of mutation {unknown}
 D - a potion of attraction {unknown}
 F - a potion of berserk rage {unknown}
 K - a potion of resistance {unknown}
 O - a potion of flight {unknown}


   Skills:
 + Level 5.7 Fighting
 + Level 5.0 Short Blades
 + Level 5.0 Long Blades
 + Level 5.0 Axes
 + Level 5.0 Maces & Flails
 + Level 5.0 Polearms
 + Level 5.0 Staves
 + Level 5.0 Ranged Weapons
 + Level 5.0 Throwing
 + Level 5.0 Armour
 + Level 6.9 Dodging
 + Level 5.0 Stealth
 + Level 5.0 Shields
 + Level 8.4 Unarmed Combat
 + Level 7.2 Spellcasting
 + Level 4.2 Conjurations
 + Level 4.2 Hexes
 + Level 4.2 Summonings
 + Level 4.2 Necromancy
 + Level 4.2 Translocations
 + Level 5.7 Transmutations
 + Level 4.2 Fire Magic
 + Level 4.2 Ice Magic
 + Level 4.2 Air Magic
 + Level 4.2 Earth Magic
 + Level 4.2 Poison Magic
 + Level 5.5 Invocations
 + Level 5.0 Evocations


You had 9 spell levels left.
You knew the following spells:

 Your Spells              Type           Power      Damage    Failure   Level
a - Beastly Appendage     Tmut           48%        N/A       1%          1
b - Wereblood             Tmut           24%        N/A       2%          2
c - Spider Form           Tmut/Pois      21%        N/A       6%          3
d - Summon Small Mammal   Summ           76%        N/A       2%          1
e - Ice Form              Ice/Tmut       21%        N/A       19%         4
k - Call Canine Familiar  Summ           19%        N/A       8%          3

Your spell library contained the following spells:

 Spells                   Type           Power      Damage    Failure   Level
 Passwall                 Tmut/Erth      17%        N/A       3%          2
 Ensorcelled Hibernation  Hex/Ice        38%        N/A       4%          2
 Sublimation of Blood     Necr           19%        N/A       4%          2
 Summon Guardian Golem    Hex/Summ       19%        N/A       8%          3
 Swiftness                Air            19%        N/A       8%          3
 Petrify                  Tmut/Erth      21%        N/A       19%         4
 Irradiate                Conj/Tmut      10%        3d15      47%         5


Dungeon Overview and Level Annotations

Branches:
Dungeon (8/15)             Temple (1/1) D:4
   Lair: D:8-11

Altars:
Cheibriados
Elyvilon
Hepliaklqana
Kikubaaqudgha
Ru
Sif Muna
Vehumet
Xom
Yredelemnul

Shops:
D:4 *


Innate Abilities, Weirdness & Mutations

You have temporarily grown beastly horns and talons.
You have very sharp teeth.
Your uncanny sense of smell can sniff out nearby items.
Your experience applies equally to all skills.


Message History

You hear a bellow!
Throw: 26 darts (poison)
Press: ? - help, Q - select action, (/) - cycle Shift-Dir - straight line, f - death yak, p - death yak
Aim: a death yak (80% to hit)
You throw a poisoned dart. The poisoned dart hits the death yak.
The death yak looks as sick as possible!
The death yak is lightly wounded.
Casting: Beastly Appendage (safe; 1% risk of failure)
Confirm with . or Enter, or press ? or * to list all spells.
Your blood is infused with primal strength.
The death yak gores you.
The death yak snorts and paws the ground.
You hit the death yak. You claw the death yak.
The death yak is moderately wounded.
You hit the death yak but do no damage.
You claw the death yak, but do no damage.
You headbutt the death yak! Your bite misses the death yak.
The death yak is moderately wounded.
The death yak gores you!!
You hit the death yak but do no damage.
You claw the death yak, but do no damage.
The death yak is moderately wounded.
You hit the death yak but do no damage. You claw the death yak.
The death yak is moderately wounded.
The death yak gores you!!
Okay, then.
The death yak attacks as you move away! The death yak misses you.
Your transformation is almost over.
The death yak attacks as you move away! The death yak closely misses you.
The death yak attacks as you move away! You block the death yak's attack.
There is a stone staircase leading up here.
The death yak gores you!!
* * * LOW HITPOINT WARNING * * *
You climb upwards.
There is a stone staircase leading down here.
Okay, then.
As you read the scroll labelled RAYXI JIHOLIC, it crumbles to dust.
You feel momentarily disoriented.
It was a scroll of magic mapping.
The death yak gores you!!
You die...

....#.#...#.#.#.#.#.#.#'.........
...#.#.....#.#.#.#.#.#.#.........
...+#.#.#.#.#.#...#.#.#.#........
...#.#.#.#.#.#.....#.#.#.#.#.....
..#.#.#.#.#.#.......#.#.#.#.#####
.#.#.#.#.#.#...♣.♣...#.#.#.#.#...
.##.#.#<#.#...........#.#.#.##.##
.#.#.#.#.#.#.♣..Y..♣.#.#.#.#.#.##
+##.#.#.#.#.....@...).#.#.#.##...
...#.#.#.#.##.......##.#.#.#.....
..#.#...#.#.##.....##.#.#.#.#....
..'#+...+#.#.#######.#.#.#.#..###
..#.#...#.#.#.#.#.#.#.#.#.#.#.# #
##.#.#+#.#.#.#.#.#.#.#.#.#.#..# #
.##.#.#.#.#.#.#.#.#.#.#.#.#.#.# #
.#.#.#.#.#.#.#.#.#.#.#.#.#.#[.# #
.##.#.#.#.#.#.#.#.#.#.#.#.#.#.# #


You could see a death yak (very poisoned).

Vanquished Creatures
  Pikel (D:5)
  Grinder (D:3)
  A steam dragon (D:7)
  Duvessa (D:4)
  7 ice beasts
  3 centaurs
  2 ogres (D:5)
  A phantom (D:6)
  2 lemures (D:5)
  A kobold brigand (D:6)
  3 scorpions
  2 bullfrogs
  Dowan (D:4)
  8 killer bees (D:8)
  A howler monkey (D:8)
  3 jellies
  3 hounds
  2 orc priests (D:7)
  Crazy Yiuf (D:4)
  2 iguanas (D:6)
  A sleepcap (D:5)
  An orc wizard (D:5)
  14 adders
  3 white imps
  2 worms (D:2)
  15 orcs
  6 endoplasms
  2 giant cockroaches
  7 goblins
  5 hobgoblins
  11 jackals
  2 quokkas
  6 ball pythons
  9 bats
  A frilled lizard (D:3)
  28 kobolds
  8 rats
167 creatures vanquished.

Notes
Turn   | Place    | Note
-------+----------+-------------------------------------------
     0 | D:1      | FishyPogo the Gnoll Transmuter began the quest for the Orb.
     0 | D:1      | Reached XP level 1. HP: 17/17 MP: 6/6
    43 | D:1      | Reached XP level 2. HP: 23/23 MP: 5/7
   177 | D:1      | Learned a level 2 spell: Wereblood
   255 | D:1      | Reached skill level 5 in Spellcasting
   255 | D:1      | Reached XP level 3. HP: 21/28 MP: 7/9
   259 | D:1      | Learned a level 3 spell: Spider Form
   770 | D:2      | Reached skill level 1 in Invocations
   772 | D:2      | Learned a level 1 spell: Summon Small Mammal
   855 | D:2      | Found a faded altar of an unknown god.
  1021 | D:2      | Reached skill level 1 in Short Blades
  1021 | D:2      | Reached skill level 1 in Long Blades
  1021 | D:2      | Reached skill level 1 in Axes
  1021 | D:2      | Reached skill level 1 in Maces & Flails
  1021 | D:2      | Reached skill level 1 in Polearms
  1021 | D:2      | Reached skill level 1 in Staves
  1021 | D:2      | Reached skill level 1 in Ranged Weapons
  1021 | D:2      | Reached skill level 1 in Throwing
  1021 | D:2      | Reached skill level 1 in Armour
  1021 | D:2      | Reached skill level 1 in Stealth
  1021 | D:2      | Reached skill level 1 in Shields
  1021 | D:2      | Reached skill level 1 in Evocations
  1073 | D:2      | Reached XP level 4. HP: 30/34 MP: 11/11
  1363 | D:3      | Noticed Grinder
  1402 | D:3      | Paralysed by Grinder for 2 turns
  1408 | D:3      | Paralysed by Grinder for 2 turns
  1414 | D:3      | Killed Grinder
  1415 | D:3      | Reached skill level 5 in Dodging
  1415 | D:3      | Reached skill level 1 in Conjurations
  1415 | D:3      | Reached skill level 1 in Hexes
  1415 | D:3      | Reached skill level 1 in Summonings
  1415 | D:3      | Reached skill level 1 in Necromancy
  1415 | D:3      | Reached skill level 1 in Translocations
  1415 | D:3      | Reached skill level 1 in Fire Magic
  1415 | D:3      | Reached skill level 1 in Ice Magic
  1415 | D:3      | Reached skill level 1 in Air Magic
  1415 | D:3      | Reached skill level 1 in Earth Magic
  1415 | D:3      | Reached skill level 1 in Poison Magic
  1415 | D:3      | Reached XP level 5. HP: 35/41 MP: 9/12
  1415 | D:3      | Reached XP level 6. HP: 40/47 MP: 10/14
  2020 | D:4      | Found a staircase to the Ecumenical Temple.
  2047 | Temple   | Entered the Ecumenical Temple
  2329 | D:4      | Found a shimmering altar of Xom.
  2330 | D:4      | Found a hazy altar of Hepliaklqana.
  2331 | D:4      | Noticed a spectral ugly thing
  2900 | D:4      | Noticed Duvessa
  2900 | D:4      | Noticed Dowan
  2915 | D:4      | Killed Duvessa
  2916 | D:4      | Reached skill level 7 in Unarmed Combat
  2916 | D:4      | Reached XP level 7. HP: 44/52 MP: 15/15
  2916 | D:4      | Killed Dowan
  2966 | D:4      | Found Etwot's Assorted Antiques.
  2974 | D:4      | Bought a brightly glowing buckler for 161 gold pieces
  2974 | D:4      | Identified the +0 buckler of the Untouchables {Str+2 Dex+2}
                  | (You bought it in a shop on level 4 of the Dungeon)
  3129 | D:4      | Found a runed translucent door.
  3130 | D:4      | Noticed Crazy Yiuf
  3309 | D:4      | Killed Crazy Yiuf
  3421 | D:5      | Entered Level 5 of the Dungeon
  3590 | D:5      | Found a basalt altar of Yredelemnul.
  3590 | D:5      | Noticed Pikel
  3619 | D:5      | Killed Pikel
  3620 | D:5      | Reached XP level 8. HP: 41/60 MP: 11/17
  4087 | D:6      | Learned a level 3 spell: Call Canine Familiar
  4129 | D:6      | Reached skill level 5 in Transmutations
  4141 | D:6      | Reached XP level 9. HP: 22/66 MP: 8/18
  4510 | D:6      | Reached skill level 5 in Fighting
  5517 | D:7      | Reached skill level 8 in Unarmed Combat
  5655 | D:7      | Reached skill level 5 in Invocations
  5806 | D:7      | Learned a level 4 spell: Ice Form
  6385 | D:8      | Reached skill level 5 in Short Blades
  6385 | D:8      | Reached skill level 5 in Long Blades
  6385 | D:8      | Reached skill level 5 in Axes
  6385 | D:8      | Reached skill level 5 in Maces & Flails
  6385 | D:8      | Reached skill level 5 in Polearms
  6385 | D:8      | Reached skill level 5 in Staves
  6385 | D:8      | Reached skill level 5 in Ranged Weapons
  6385 | D:8      | Reached skill level 5 in Throwing
  6385 | D:8      | Reached skill level 5 in Armour
  6385 | D:8      | Reached skill level 5 in Stealth
  6385 | D:8      | Reached skill level 5 in Shields
  6385 | D:8      | Reached skill level 5 in Evocations
  6389 | D:8      | Reached XP level 10. HP: 74/76 MP: 20/20
  6557 | D:8      | Noticed a death yak
  6564 | D:8      | Noticed a death yak
  6565 | D:8      | Noticed a death yak
  6670 | D:7      | Demolished by a death yak

Illustrated notes

Levels and vault maps discovered:
D:1:      doesnt_arrival_eight_statues, layout_basic, st_stairs_5
D:2:      layout_rooms, basic_ecumenical_altar
D:3:      layout_rooms, serial_bayou_pond_e, minmay_close_crescents,
          uniq_grinder
D:4:      layout_basic, regret_index_temple_of_mockery,
          minmay_temple_entry_mini_moons, serial_shops, shop, uniq_duvessa,
          uniq_crazy_yiuf_cottage
D:5:      layout_gridville, yredelemnul_altar_generic, uniq_pikel
D:6:      kennysheep_kobold_camp, layout_basic
D:7:      layout_basic, grunt_ministairs_9
D:8:      layout_basic, nicolae_wu_jian_immortal_techniques, dpeg_lair_monsters,
          serial_glass, glass_columns_a, glass_columns_b, uniq_joseph,
          uniq_maggie
Temple:   nicolae_temple_two_arcs

Skill      XL: |  1  2  3  4  5  6  7  8  9 |
---------------+----------------------------+-----
Spellcasting   | 5 6 7 |  7.2
Invocations    | 1 2 3 4 5 |  5.5
Short Blades   | 1 2 3 5 |  5.0
Long Blades    | 1 2 3 5 |  5.0
Axes           | 1 2 3 5 |  5.0
Maces & Flails | 1 2 3 5 |  5.0
Polearms       | 1 2 3 5 |  5.0
Staves         | 1 2 3 5 |  5.0
Ranged Weapons | 1 2 3 5 |  5.0
Throwing       | 1 2 3 5 |  5.0
Armour         | 1 2 3 5 |  5.0
Stealth        | 1 2 3 5 |  5.0
Shields        | 1 2 3 5 |  5.0
Evocations     | 1 2 3 5 |  5.0
Fighting       | 3 4 5 |  5.7
Dodging        | 5 6 |  6.9
Conjurations   | 1 2 3 4 |  4.2
Hexes          | 1 2 3 4 |  4.2
Summonings     | 1 2 3 4 |  4.2
Necromancy     | 1 2 3 4 |  4.2
Translocations | 1 2 3 4 |  4.2
Transmutations | 4 5 |  5.7
Fire Magic     | 1 2 3 4 |  4.2
Ice Magic      | 1 2 3 4 |  4.2
Air Magic      | 1 2 3 4 |  4.2
Earth Magic    | 1 2 3 4 |  4.2
Poison Magic   | 1 2 3 4 |  4.2
Unarmed Combat | 7 8 |  8.4

Action                     |  1- 3 |  4- 6 |  7- 9 | 10-12 || total
---------------------------+-------+-------+-------+-------++-------
  Melee: Unarmed           |    84 |    98 |   301 |       ||   483
         Headbutt          |    10 |    15 |    42 |     2 ||    69
         Punch             |     3 |     1 |       |       ||     4
         Kick              |    15 |    22 |    73 |     8 ||   118
         Bite              |     3 |     8 |    41 |     1 ||    53
         Short sword       |       |       |    21 |    19 ||    40
  Throw: Stone             |       |     4 |       |       ||     4
         Dart              |       |       |       |     3 ||     3
   Cast: Beastly Appendage |    19 |    27 |    40 |     4 ||    90
         Summon Small Mamm |     1 |       |     1 |       ||     2
         Spider Form       |       |     1 |     1 |       ||     2
         Wereblood         |       |       |    10 |     1 ||    11
         Call Canine Famil |       |       |     2 |       ||     2
    Use: Potion            |       |       |     3 |       ||     3
         Scroll            |       |       |       |     1 ||     1
   Stab: Sleeping          |       |     2 |     8 |     1 ||    11
 Armour: Robe              |    16 |    23 |    39 |     2 ||    80
         Skin              |       |       |     1 |       ||     1
  Dodge: Dodged            |    67 |    65 |   213 |    20 ||   365
  Block: Buckler           |       |       |    57 |    11 ||    68
